Cogmind - Beta 10.2 @@@ ROGUE MODE // 2021.02.05 @ 22:22:26 Player: Finestep Result: Self-destructed Performance ------------- Evolutions (7) 3500 Regions Visited (28) 5600 Robots Destroyed (402) 2010 Value Destroyed (19127) 19127 Prototype IDs (28) 560 Alien Tech Used (2) 400 Bonus (16816) 16816 TOTAL SCORE: 48013 Bonus ------- Triggered High Security 500 High Alert Combat Kills 6514 Follower Combat Kills 6090 Entered Garrisons 1200 Used RIF Installer 3000 Network Hubs Disabled 400 Built Enhanced Grunts 300 A7 Reached Mainframe 300 Met R17 at Cetus 500 Friendly Fire -1988 Cogmind --------- Core Integrity 538/1300 Matter 218/300 Energy 4/325 System Corruption 11% Temperature Cool (0) Movement Treading (230) Ox3 Location -3/Quarantine Parts ------- > --- POWER (2) -------- Reinforced Antimatter Reactor > --- PROPULSION (4) --- Armored Heavy Treads > --- UTILITY (12) ----- Experimental Heat Sink Large Storage Unit High-capacity Storage Unit High-capacity Storage Unit High-capacity Storage Unit Experimental Targeting Computer Phase Armor EM Dispersion Field Improved Force Field Relay Coupler [Sentry] (3) Relay Coupler [Hunter] (13) > --- WEAPON (3) ------- Enhanced Nova Cannon Advanced Remote Datajack > --- INVENTORY (34) --- Light Antimatter Reactor Light Antimatter Reactor Medium Treads Medium Treads Advanced Power Amplifier Improved Energy Well (0) Experimental Matter Compressor (500) Advanced Terrain Scanner Advanced Terrain Scan Processor Advanced Armor Integrity Analyzer Advanced Particle Charger Advanced Weapon Cycler Experimental Phase Shifter Centrium Medium Armor Plating Antimissile System Antimissile System Relay Coupler [NC] (37) Relay Coupler [Swarmer] (46) Improved System Backup Module Subatomic Replicator Matter Drive Disruptor Cannon EMDS Fusion Bomb Launcher Advanced Remote Datajack Advanced Remote Datajack Peak State ------------ > --- POWER ------------ Reinforced Antimatter Reactor Reinforced Antimatter Reactor > --- PROPULSION ------- Armored Heavy Treads Centrium Heavy Treads > --- UTILITY ---------- Large Storage Unit High-capacity Storage Unit High-capacity Storage Unit High-capacity Storage Unit Enhanced Optical Array Experimental Targeting Computer Centrium Medium Armor Plating Relay Coupler [NC] Relay Coupler [Sentry] Relay Coupler [Hunter] Matter Drive > --- WEAPON ----------- Enhanced Nova Cannon Enhanced Nova Cannon Advanced Remote Datajack > --- INVENTORY -------- Light Antimatter Reactor Light Antimatter Reactor Medium Treads Armored Heavy Treads Improved Energy Well Experimental Matter Compressor Advanced Terrain Scanner Advanced Terrain Scan Processor Advanced Armor Integrity Analyzer Advanced Particle Charger Advanced Weapon Cycler Experimental Phase Shifter Heavy Armor Plating Centrium Medium Armor Plating Phase Armor EM Dispersion Field Force Field Improved Force Field Antimissile System Antimissile System Relay Coupler [NC] Relay Coupler [Swarmer] Improved System Backup Module Subatomic Replicator Disruptor Cannon EMDS Enhanced Nova Cannon Fusion Bomb Launcher Advanced Remote Datajack Advanced Remote Datajack [Rating: 160] Favorites ----------- Power Antimatter Reactor Engine Ion Engine Power Core Light Nuclear Core Reactor Antimatter Reactor Propulsion Heavy Treads Treads Heavy Treads Wheel Armored Huge Wheel Utility High-capacity Storage Unit Device Improved Force Field Storage High-capacity Storage Unit Processor Experimental Targeting Computer Hackware Relay Coupler [Grunt] Protection Hardened Heavy Armor Plating Artifact Phase Armor Weapon Cooled Pulse Rifle Energy Gun Cooled Pulse Rifle Energy Cannon Cooled Plasma Cannon Ballistic Gun Improved Assault Rifle Ballistic Cannon Linear Accelerator Launcher Heavy Shock Bomb Launcher Special Weapon Improved Remote Datajack Slashing Weapon Katana Special Melee Weapon Datajack Build | -11 -10 -10 -9 -9 -9 -9 -7 -7 -7 -7 -7 -7 -6 -6 -6 -6 -5 -5 -5 -4 -4 -4 -4 -4 -3 -3 -3 -3 ------- Run | Scr Mat Min Mat Sto Gar Rec Fac Was Fac Gar Fac Gar Fac Was Fac Gar Fac Gar Fac Fac Ext Cet Arc Hub Res Gar Res Qua Slots Evolved 14 | . . . 2 . . . 4 . . . . . 2 . . . 2 . . 2 . . . . 2 . . . Power 1 | . . . . . . . . . . . . . 1 . . . . . . . . . . . . . . . Propulsion 2 | . . . 1 . . . 1 . . . . . . . . . . . . . . . . . . . . . Utility 10 | . . . 1 . . . 3 . . . . . 1 . . . 2 . . 1 . . . . 2 . . . Weapon 1 | . . . . . . . . . . . . . . . . . . . . 1 . . . . . . . . Parts Attached 435 | 7 7 5 31 27 5 2 27 2 16 28 6 20 11 6 2 7 25 34 6 12 17 9 3 29 30 18 25 18 Power 31 | 1 1 1 4 2 1 . 1 . 1 2 1 1 1 4 . . . . . . 2 1 . 2 . 2 3 . Engine 12 | 1 1 1 4 2 1 . 1 . 1 . . . . . . . . . . . . . . . . . . . Core 5 | . . . . . . . . . . 2 1 . 1 1 . . . . . . . . . . . . . . Reactor 14 | . . . . . . . . . . . . 1 . 3 . . . . . . 2 1 . 2 . 2 3 . Propulsion 50 | 2 3 . 11 12 2 . 4 1 1 1 1 1 . 1 . . 3 . . . 1 2 . 1 1 . 1 1 Treads 40 | . 3 . 9 12 2 . 1 1 . . 1 . . 1 . . 3 . . . 1 2 . 1 1 . 1 1 Leg . | . . . . . . . . . . . . . . . . . . . . . . . . . . . . . Wheel 10 | 2 . . 2 . . . 3 . 1 1 . 1 . . . . . . . . . . . . . . . . Hover . | . . . . . . . . . . . . . . . . . . . . . . . . . . . . . Flight . | . . . . . . . . . . . . . . . . . . . . . . . . . . . . . Utility 173 | 2 . . 8 2 . . 11 1 9 9 1 7 3 . 2 5 10 15 2 6 7 . 2 18 18 8 16 11 Device 77 | . . . . . . . 2 . 4 4 1 3 1 . . 2 2 6 . 4 4 . 1 11 15 3 7 7 Storage 16 | 2 . . 3 . . . 3 . . . . . . . . . . 2 . . 1 . . 1 . . 4 . Processor 5 | . . . . . . . 1 . . 1 . . . . 1 . . . . . . . . 1 1 . . . Hackware 44 | . . . . . . . 2 . 1 3 . 3 2 . 1 2 8 5 2 1 2 . . 2 2 4 4 . Protection 28 | . . . 5 2 . . 3 1 4 1 . 1 . . . 1 . 2 . 1 . . 1 3 . 1 1 1 Artifact 3 | . . . . . . . . . . . . . . . . . . . . . . . . . . . . 3 Weapon 181 | 2 3 4 8 11 2 2 11 . 5 16 3 11 7 1 . 2 12 19 4 6 7 6 1 8 11 8 5 6 Energy Gun 12 | 1 . . . . . . . . . . . . . . . . . 9 2 . . . . . . . . . Energy Cannon 37 | . . . . 1 . . 1 . . 1 . 1 3 1 . 1 6 1 . . 1 1 . 3 6 3 3 4 Ballistic Gun 46 | 1 3 2 8 9 1 1 5 . 4 8 1 . 1 . . . . . . . . 1 . 1 . . . . Ballistic Cannon 9 | . . . . . . . . . . . 2 5 1 . . . . . . . . . . . 1 . . . Launcher 17 | . . 1 . . 1 . 1 . . . . 2 . . . . 1 1 . 2 1 2 . . 2 1 1 1 Special Weapon 44 | . . 1 . . . . 2 . 1 2 . 2 2 . . 1 5 6 2 4 3 2 . 3 2 4 1 1 Impact Weapon . | . . . . . . . . . . . . . . . . . . . . . . . . . . . . . Slashing Weapon 14 | . . . . 1 . . 1 . . 5 . 1 . . . . . 2 . . 2 . 1 1 . . . . Piercing Weapon . | . . . . . . . . . . . . . . . . . . . . . . . . . . . . . Special Melee Weapon 2 | . . . . . . 1 1 . . . . . . . . . . . . . . . . . . . . . Unidentified Prototypes 19 | . . . 1 1 . . 1 . . . 1 . . 1 . . . . . . 1 2 1 7 . 1 . 2 Parts Lost 35 | . 3 . 3 2 . . . . 1 4 . 3 . . . . . 1 . . . . . 3 2 2 7 4 Power 4 | . . . 2 . . . . . . 1 . . . . . . . . . . . . . . . . 1 . Propulsion 4 | . 1 . . . . . . . . . . 1 . . . . . . . . . . . . . . . 2 Utility 15 | . . . . 1 . . . . . 2 . 2 . . . . . 1 . . . . . 1 1 1 5 1 Weapon 12 | . 2 . 1 1 . . . . 1 1 . . . . . . . . . . . . . 2 1 1 1 1 Highest Loss Streak 4 | . 1 . 2 1 . . . . 1 2 . 2 . . . . . 1 . . . . . 1 1 1 4 2 Average Slot Usage (%) 86 | . 99 100 99 99 100 100 92 81 85 81 83 80 74 80 80 79 81 81 81 83 83 84 84 82 84 80 83 87 Engine 3 | . 14 14 10 11 11 11 7 7 7 . . . . . . . . . . . . . . . . . . . Reactor 6 | . . . . . . . . . . . . 1 6 10 13 13 11 11 11 10 10 10 10 10 9 9 8 9 Treads 13 | . 21 28 29 33 33 33 16 8 7 7 6 7 6 6 6 6 9 11 11 10 9 10 10 10 9 9 9 8 Wheel 2 | . 6 . 3 . . . 13 15 15 8 7 6 6 6 6 6 1 . . . . . . . . . . . Device 6 | . . . . . . . 3 . 5 10 15 10 12 13 8 9 4 7 2 4 7 10 9 8 15 7 7 7 Storage 20 | . 28 28 22 22 22 22 21 23 23 23 23 23 20 20 20 20 17 17 23 21 21 21 21 21 19 19 20 19 Processor 2 | . . . . . . . 1 . . 3 7 5 . . 1 . . . . . . . . 2 7 9 9 8 Hackware 6 | . . . . . . . . 3 . 1 . . . . 2 2 17 12 13 15 12 10 10 6 3 10 11 13 Protection 5 | . . . 10 10 11 11 10 6 10 1 . 1 6 6 6 6 5 5 5 5 5 5 5 5 4 3 3 2 Energy Gun 2 | . 3 . . . . . . . . . . . . . . . . 9 6 10 10 5 5 2 . . . . Energy Cannon 3 | . . . . . . . . . . . . . 9 11 13 9 8 . . . . 1 . 4 6 5 6 8 Ballistic Gun 6 | . 24 27 21 21 21 20 14 . 9 11 6 . . . . . . . . . . 4 5 5 1 . . . Special Weapon 1 | . . . . . . . . 7 2 . . 1 . 1 . 2 1 . 3 4 4 2 . . . 3 2 3 Naked Turns . | . . . . . . . . . . . . . . . . . . . . . . . . . . . . . Heaviest Build 231 | 16 18 18 48 48 48 48 123 140 113 110 102 132 144 153 153 160 153 168 168 180 172 184 179 202 207 207 214 231 Greatest Support 160 | 26 40 40 60 60 60 60 40 24 24 28 28 28 28 28 28 70 140 140 140 140 145 155 150 160 160 140 140 140 Greatest Overweight (x) 58 | . 1 . 2 . . . 5 5 4 4 3 4 5 5 5 5 5 1 1 1 2 1 58 1 1 1 3 3 Average Overweight (x) 1 | . . . . . . . 3 4 4 3 3 3 4 4 5 3 2 1 1 1 1 1 14 1 1 1 1 1 Largest Inventory Capacity 34 | 8 8 8 16 16 16 16 26 26 26 26 26 26 26 26 26 26 26 32 32 32 32 32 32 32 32 32 34 34 Average Capacity 25 | 6 8 8 13 16 16 16 20 26 26 26 26 26 26 26 26 26 26 26 32 32 32 32 32 32 32 32 33 34 Most Carried 34 | 5 8 8 16 16 16 16 21 26 26 26 26 26 26 26 26 26 26 31 31 32 32 32 32 32 32 32 33 34 Average Carried 24 | 3 7 8 12 15 15 16 18 22 25 25 25 25 25 26 25 25 25 25 30 30 31 31 31 30 31 31 31 32 Final Capacity 34 | 8 8 8 16 16 16 16 26 26 26 26 26 26 26 26 26 26 26 32 32 32 32 32 32 32 32 32 34 34 Final Carried 33 | 5 8 8 16 16 16 16 21 24 25 26 26 26 26 26 25 26 26 31 30 32 32 32 32 31 32 32 33 28 Class Distribution -------------------- 33% | Bothacker-Mutant 24% | Botlord-Mutant 16% | Scavenger-Mutant 9% | Mutant 5% | Hauler-Mutant 4% | Commander-Mutant 3% | Scavenger-Tank Dominant Class ---------------- Mutant | -10/Materials Mutant | -10/Mines Scavenger-Mutant | -9/Materials Scavenger-Mutant | -9/Storage Mutant | -9/Garrison Commander-Mutant | -9/Recycling Hauler-Mutant | -7/Factory Hauler-Mutant | -7/Waste Hauler-Mutant | -7/Factory Bothacker-Mutant | -7/Garrison Bothacker-Mutant | -7/Factory Bothacker-Mutant | -7/Garrison Bothacker-Mutant | -6/Factory Bothacker-Mutant | -6/Waste Bothacker-Mutant | -6/Factory Bothacker-Mutant | -6/Garrison Bothacker-Mutant | -5/Factory Botlord-Mutant | -5/Garrison Botlord-Mutant | -5/Factory Botlord-Mutant | -4/Factory Commander-Mutant | -4/Extension Botlord-Mutant | -4/Cetus Botlord-Mutant | -4/Archives Bothacker-Tank | -4/Hub_04(d) Scavenger-Mutant | -3/Research Botlord-Mutant | -3/Garrison Bothacker-Mutant | -3/Research Bothacker-Mutant | -3/Quarantine Resources | -11 -10 -10 -9 -9 -9 -9 -7 -7 -7 -7 -7 -7 -6 -6 -6 -6 -5 -5 -5 -4 -4 -4 -4 -4 -3 -3 -3 -3 ----------- Run | Scr Mat Min Mat Sto Gar Rec Fac Was Fac Gar Fac Gar Fac Was Fac Gar Fac Gar Fac Fac Ext Cet Arc Hub Res Gar Res Qua Matter Collected 11700 | 252 208 198 1317 958 232 46 857 96 257 717 363 511 213 348 20 130 419 530 104 61 425 174 82 724 736 560 898 264 Remotely . | . . . . . . . . . . . . . . . . . . . . . . . . . . . . . Salvage Created 19266 | 115 666 146 2169 2081 307 100 794 . 195 545 300 572 294 461 66 128 486 1249 74 122 108 29 218 1505 1754 766 1679 2337 Parts 913 | 8 40 10 143 114 30 6 47 . 10 26 13 34 7 14 4 6 23 32 . 9 2 1 17 65 94 27 59 72 Haulers Intercepted 16 | . 2 . 5 5 . . 2 . . . 1 . 1 . . . . . . . . . . . . . . . Recyclers Shooed 24 | 1 3 . 1 3 . 1 3 . . . 2 . . . . . 3 . . 1 1 . . . 4 . . 1 Parts Field Recycled . | . . . . . . . . . . . . . . . . . . . . . . . . . . . . . Retrieved Matter . | . . . . . . . . . . . . . . . . . . . . . . . . . . . . . Parts Self-Destructed . | . . . . . . . . . . . . . . . . . . . . . . . . . . . . . Prevented . | . . . . . . . . . . . . . . . . . . . . . . . . . . . . . Kills | -11 -10 -10 -9 -9 -9 -9 -7 -7 -7 -7 -7 -7 -6 -6 -6 -6 -5 -5 -5 -4 -4 -4 -4 -4 -3 -3 -3 -3 ------- Run | Scr Mat Min Mat Sto Gar Rec Fac Was Fac Gar Fac Gar Fac Was Fac Gar Fac Gar Fac Fac Ext Cet Arc Hub Res Gar Res Qua Combat Hostiles Destroyed 293 | . 10 10 38 26 15 3 11 . 2 14 7 19 1 . . 4 3 15 1 2 . 1 . 17 29 12 24 29 Guns 146 | . 10 4 38 26 6 3 11 . 2 14 3 . . . . . . 11 1 2 . 1 . 12 2 . . . Cannons 80 | . . . . . . . . . . . 4 7 1 . . 3 2 . . . . . . 5 16 6 13 23 AOE 48 | . . 6 . . 9 . . . . . . 12 . . . . . 2 . . . . . . 11 3 3 2 Classes Destroyed 21 | 2 4 3 3 2 . 1 . . . . 1 1 . 1 . . . 1 . . . . . 1 . 1 . . Worker 28 | . . 1 6 4 . . 4 . . . . . 1 . . . 1 . . 1 . . . 2 6 . . 2 Builder 12 | . . . 2 1 . . . . . . . . . . . . 4 . . . . . . 4 1 . . . Tunneler 5 | 2 . 2 1 . . . . . . . . . . . . . . . . . . . . . . . . . Hauler 16 | . 2 . 5 5 . . 2 . . . 1 . 1 . . . . . . . . . . . . . . . Recycler 22 | 1 1 . 2 6 . 1 2 . . . . . 1 . . . 2 . . . 1 . . 1 3 . . 1 Mechanic 1 | . . . 1 . . . . . . . . . . . . . . . . . . . . . . . . . Operator 12 | . 1 . 3 1 . . . . . . . . . . . . . . . . . . 6 . . . 1 . Drone 3 | . . . . . . 3 . . . . . . . . . . . . . . . . . . . . . . Watcher 14 | . 3 . 4 2 . . . . . . . . . . . . . . 1 . . . . 1 2 . . 1 Swarmer 63 | . . 1 8 . 8 . 3 . 1 6 2 15 . . . 3 2 . . . . 1 . . 9 4 . . Grunt 119 | . 10 . 24 13 6 . 4 . 1 7 3 1 . . . 1 . 8 1 . . . . 7 6 4 10 13 Brawler 13 | . . . . . . . . . . . 1 . . . . . . 3 . . . . . 1 1 . 3 4 Duelist 6 | . . . . 1 . . . . . . 1 . . . . . . 1 . . . . . . . . 2 1 Protector 4 | . . . . . . . . . . . . . . . . . . . . . . . . 2 . 1 1 . Sentry 31 | . . . 6 11 1 . 2 . 2 . 1 1 . . . . . . . . . . . 1 3 1 1 1 Demolisher 1 | . . . . . . . . . . . . . . . . . . . . . . . . . . . 1 . Specialist 2 | . . . . . . . . . . . . . . . . . . 2 . . . . . . . . . . Hunter 12 | . . . . . . . . . . . . 1 . . . . 1 1 . . . . . 1 1 2 . 5 Programmer 30 | . . . . 1 . . 2 . . 1 . 1 1 . . . . . . 2 . . . 2 9 . 6 5 Behemoth 1 | . . . . . . . . . . . . . . . . . . . . . . . . . . 1 . . Lightning 4 | . . . . . . . . . . . . . . . . . . . . . . . . 4 . . . . Assembled 9 | . . 9 . . . . . . . . . . . . . . . . . . . . . . . . . . Martyr 3 | . . . . . . . . . . . . . . 2 1 . . . . . . . . . . . . . Best Kill Streak 17 | 2 3 7 5 6 11 2 4 . 1 5 2 17 2 . . 3 6 4 1 1 1 1 3 7 11 5 8 13 Combat Bots Only 17 | . 2 7 4 5 11 1 3 . 1 5 2 17 1 . . 3 2 4 1 1 . 1 . 4 8 5 8 11 Max Kills in Single Turn 6 | 1 2 2 2 2 2 1 2 . 1 1 2 3 1 1 1 1 2 1 1 1 1 1 1 4 6 3 1 2 Gunslinging 1 | . . . . 1 . . . . . . . . . . . . . . . . . . . . . . . . Exploded 4 | . . 2 . . 2 . . . . . . 3 . . . . . 1 . . . . . . 4 3 1 2 Melee . | . . . . . . . . . . . . . . . . . . . . . . . . . . . . . Uniques/NPCs Destroyed . | . . . . . . . . . . . . . . . . . . . . . . . . . . . . . Combat | -11 -10 -10 -9 -9 -9 -9 -7 -7 -7 -7 -7 -7 -6 -6 -6 -6 -5 -5 -5 -4 -4 -4 -4 -4 -3 -3 -3 -3 -------- Run | Scr Mat Min Mat Sto Gar Rec Fac Was Fac Gar Fac Gar Fac Was Fac Gar Fac Gar Fac Fac Ext Cet Arc Hub Res Gar Res Qua Damage Taken 20401 | . 762 292 1282 1624 313 . 1376 . 501 1303 300 1125 48 . 32 230 402 759 57 67 69 53 . 2205 1093 1130 2404 2974 Core 2044 | . 153 42 172 132 51 . 74 . 42 134 62 183 5 . . 33 26 36 . 10 23 . . 104 18 73 76 595 Absorbed by Shields 4106 | . . . . 39 6 . 12 . 111 427 120 86 21 . 11 56 42 707 18 68 70 57 . 792 892 43 157 371 Reduced by Siege Mode 85 | . . . . . . . . . 5 . . . . . . . . . . . . . . 29 14 37 . . Redirected to Core 479 | . . . . . . . . . . . . . . . . . . . . . . . . . . . . 479 Core Remaining (%) 62 | 100 . 22 . . . 11 . . . . . 29 . . . 95 . . 93 . . . . 88 . . . . Volleys Fired 1339 | 7 81 19 158 114 20 15 75 11 17 66 27 35 17 10 5 38 47 96 9 12 39 3 14 97 91 56 78 82 Largest 3 | 2 2 2 2 2 2 2 2 1 2 2 2 2 2 2 2 2 2 2 2 2 2 3 2 3 3 3 3 2 Hottest 360 | 70 70 100 46 46 46 46 46 30 46 51 96 96 96 65 65 65 65 46 40 52 105 105 55 100 214 292 360 240 Shots Fired 2397 | 14 160 33 315 228 34 31 146 11 32 120 52 57 26 20 10 56 59 155 13 19 47 5 28 236 182 68 90 150 Gun 1462 | 14 160 28 315 228 29 31 142 . 30 108 20 . . . . . . 124 8 14 16 2 28 139 26 . . . Cannon 720 | . . . . . . . . . . 2 32 44 18 20 10 44 30 5 . . 1 2 . 91 142 58 73 148 Launcher 41 | . . 4 . . 5 . 1 . . . . 8 . . . . 5 4 . 1 1 1 . . 6 1 3 1 Special 174 | . . 1 . . . . 3 11 2 10 . 5 8 . . 12 24 22 5 4 29 . . 6 8 9 14 1 Kinetic 1313 | 7 131 28 315 228 29 31 142 . 30 108 52 44 6 . . . . . . . . 1 14 86 60 1 . . Thermal 789 | 7 29 1 . . . . . . . 2 . . 12 20 10 44 30 129 8 14 17 3 14 144 105 23 41 136 Explosive 31 | . . 4 . . 5 . 1 . . . . 8 . . . . . . . 1 1 . . . 6 1 3 1 Electromagnetic 91 | . . . . . . . . . . . . . . . . . 5 4 . . . 1 . . 3 34 32 12 Robot Hit Streak 59 | 2 12 4 14 33 12 3 25 3 17 17 6 12 20 6 12 4 9 25 22 11 20 9 10 16 59 12 23 37 Robot Miss Streak 5 | 2 3 3 5 3 1 3 2 2 1 5 4 2 1 3 . 2 2 2 1 1 1 . 4 4 1 1 2 2 Penetration Max 1 | . . . . . . . . . . . . . . . . . . . . . . . 1 1 1 . 1 1 Secondary Targets 20 | . 1 1 2 6 . . 2 . . 4 . . . . . . . 2 1 . . . . 1 . . . . Max Gunslinging Chain 1 | . 1 1 1 1 . . 1 . . 1 . . . . . . . 1 1 . . . . 1 . . . . Shots Hit Robots 1693 | 7 108 16 206 171 20 22 118 10 25 85 33 38 18 10 10 18 41 133 12 15 40 1 24 161 116 49 77 109 Core Hits 741 | 5 42 18 82 68 19 4 36 1 11 35 22 33 8 12 2 4 12 41 3 4 5 3 14 79 68 20 35 55 Critical Hits 50 | . . . 1 2 . . 1 . . . 1 2 1 . . 1 . . . . . . . 14 6 8 8 5 Critical Kills 19 | . . . . . . . . . . . 1 1 1 . . 1 . . . . . . . 5 4 2 3 1 Critical Parts Destroyed 27 | . . . 1 1 . . . . . . . 1 . . . . . . . . . . . 9 2 5 5 3 Melee Attacks 68 | . . . . 1 . 11 2 4 . 6 . 10 . . . . . 18 . . 5 . 11 . . . . . Impact . | . . . . . . . . . . . . . . . . . . . . . . . . . . . . . Slashing 56 | . . . . 1 . . 1 4 . 6 . 10 . . . . . 18 . . 5 . 11 . . . . . Piercing . | . . . . . . . . . . . . . . . . . . . . . . . . . . . . . Sneak Attacks 26 | . . . . . . 11 1 4 . . . . . . . . . 2 . . 1 . 7 . . . . . Combat Hostiles 7 | . . . . . . . . 4 . . . . . . . . . 2 . . . . 1 . . . . . Follow-up Attacks . | . . . . . . . . . . . . . . . . . . . . . . . . . . . . . Damage Inflicted 45466 | 110 1006 522 3153 2730 826 171 1711 200 318 1082 722 2427 343 506 300 299 958 3478 133 233 316 111 1310 4569 6019 2354 4098 5461 Guns 16820 | 110 1006 223 3153 2730 311 171 1711 . 318 1027 257 . . . . . . 1859 133 233 226 26 480 2372 474 . . . Cannons 18388 | . . . . . . . . . . 55 465 568 343 506 300 299 690 . . . . . . 1273 3644 1902 3288 5055 Explosions 7082 | . . 299 . . 515 . . . . . . 1164 . . . . 268 324 . . . 85 . 924 1877 452 808 366 Melee 3108 | . . . . . . . . 200 . . . 695 . . . . . 1293 . . 90 . 830 . . . . . Ramming 68 | . . . . . . . . . . . . . . . . . . 2 . . . . . . 24 . 2 40 Kinetic 15761 | 60 778 223 3153 2730 311 171 1711 . 318 1027 722 568 136 . . . . . . . . 26 311 1708 1808 . . . Thermal 15708 | 50 228 . . . . . . . . 55 . . 207 506 300 299 707 1859 133 233 226 . 169 1937 2240 561 1621 4377 Explosive 5379 | . . 299 . . 515 . . . . . . 1164 . . . . . . . . . . . . 1877 452 759 313 Electromagnetic 5442 | . . . . . . . . . . . . . . . . . 251 324 . . . 85 . 924 70 1341 1716 731 Impact . | . . . . . . . . . . . . . . . . . . . . . . . . . . . . . Slashing 3108 | . . . . . . . . 200 . . . 695 . . . . . 1293 . . 90 . 830 . . . . . Piercing . | . . . . . . . . . . . . . . . . . . . . . . . . . . . . . Highest Corruption 11 | . . . . 5 5 5 1 8 8 8 8 8 . . . . . 8 8 . . . . 10 2 2 9 11 Average Corruption 5 | . . . . 4 5 5 1 7 8 8 8 8 . . . . . 7 8 . . . . 8 2 2 5 9 Corruption Purged . | . . . . . . . . . . . . . . . . . . . . . . . . . . . . . Effects 342 | . . . . 2 17 20 1 8 8 42 15 24 . . . . . 48 9 . . . . 47 13 15 31 42 Message Errors 76 | . . . . 1 3 2 . 1 3 6 3 1 . . . . . 14 1 . . . . 9 6 8 7 11 Matter Fused 49 | . . . . . 7 4 . 1 3 5 3 3 . . . . . 5 1 . . . . 8 . . 5 4 Heat Flow Errors 24 | . . . . . . 2 . . . 2 1 3 . . . . . 6 2 . . . . 2 1 . 4 1 Energy Discharges 39 | . . . . . 1 3 . 2 . 5 2 7 . . . . . 4 2 . . . . 3 4 2 2 2 Parts Rejected 1 | . . . . . . . . . . . . . . . . . . . . . . . . . . . 1 . Data Loss (minor) 39 | . . . . . 3 3 . . 1 6 1 4 . . . . . 4 1 . . . . 7 1 3 3 2 Data Loss (major) 10 | . . . . . . . . 1 . 2 1 1 . . . . . 2 . . . . . 2 . . 1 . Misfires 11 | . . . . 1 . 1 . . . 4 1 1 . . . . . . . . . . . 1 . . . 2 Alerts 1 | . . . . . . . . . . . . . . . . . . . . . . . . 1 . . . . Targeting Errors 81 | . . . . . 2 5 1 3 1 10 3 4 . . . . . 11 2 . . . . 12 1 2 6 18 Weapon Failures 11 | . . . . . 1 . . . . 2 . . . . . . . 2 . . . . . 2 . . 2 2 Overload Shots 6 | . . . . . . . . . . . . . . . . . . . . . 1 1 . 4 . . . . Effects 1 | . . . . . . . . . . . . . . . . . . . . . . . . 1 . . . . Heat Surge 1 | . . . . . . . . . . . . . . . . . . . . . . . . 1 . . . . Overflow Damage 1336 | . . 12 . . 7 . . . . . 1 27 . . . 6 36 28 . . . . 300 66 155 94 411 193 Projectiles 842 | . . . . . . . . . . . 1 7 . . . 6 36 . . . . . . 32 131 85 351 193 Explosions 159 | . . 12 . . 7 . . . . . . 13 . . . . . . . . . . . 34 24 9 60 . Melee 335 | . . . . . . . . . . . . 7 . . . . . 28 . . . . 300 . . . . . Knockbacks 18 | . . . . . . . . . . . 1 1 4 . . . . . . . . . . . 11 . . 1 Impact 1 | . . . . . . . . . . . . . . . . . . . . . . . . . . . . 1 Kinetic 16 | . . . . . . . . . . . 1 1 4 . . . . . . . . . . . 10 . . . Secondary 1 | . . . . . . . . . . . . . . . . . . . . . . . . . 1 . . . Self-Inflicted Damage 352 | . . . . . 31 . . . . . . 34 . . . . . . . . . . . 131 27 55 47 27 Shots 10 | . . . . . 2 . . . . . . 2 . . . . . . . . . . . 2 1 1 1 1 Rammed 7 | . . . . . . . . . . . . . . . . . . 1 . . . . . . 2 . 1 3 Targets Rammed 7 | . . . . . . . . . . . . . . . . . . 1 . . . . . . 2 . 1 3 Kicked . | . . . . . . . . . . . . . . . . . . . . . . . . . . . . . Crushed . | . . . . . . . . . . . . . . . . . . . . . . . . . . . . . Highest Temperature 503 | 60 134 20 26 40 4 169 102 26 36 172 92 210 120 212 81 84 167 273 286 25 283 38 . 362 503 451 430 167 Average Temperature 72 | 29 32 2 4 8 2 60 31 12 18 53 43 53 42 92 34 26 39 62 85 14 95 23 . 130 100 108 141 32 Received Heat Transfer 4056 | . 432 . 501 549 89 . 414 . 114 372 56 118 20 . . 49 9 120 26 . 12 . . 236 72 124 352 391 Effects 22 | . . . . . . . . . . . . . . . . . . . . . . . . 4 5 6 7 . Shutdowns 8 | . . . . . . . . . . . . . . . . . . . . . . . . 1 4 1 2 . Energy Bleed 5 | . . . . . . . . . . . . . . . . . . . . . . . . 2 1 . 2 . Interference 8 | . . . . . . . . . . . . . . . . . . . . . . . . 1 . 5 2 . Short Circuit 1 | . . . . . . . . . . . . . . . . . . . . . . . . . . . 1 . Siege Activations 5 | . . . . . . . . . 1 . . . . . . . . . . . . . . 2 1 1 . . Total Turns 98 | . . . . . . . . . 18 . . . . . . . . . . . . . . 57 8 15 . . Longest Duration 46 | . . . . . . . . . 18 . . . . . . . . . . . . . . 46 8 15 . . Robots Corrupted 19 | . . . . . . . . . . . . . . . . . 1 1 . . . . . . . 4 9 4 Combat Hostiles 17 | . . . . . . . . . . . . . . . . . 1 1 . . . . . . . 3 8 4 Parts Fried 42 | . . . . . . . . . . . . . . . . . 4 1 . . . . . 4 . 7 20 6 Impact Corruptions 1 | . . . . . . . . . . . . . . . . . . . . . . . . . 1 . . . Robots Melted 2 | . . . . . . . . . . . . . . . . 1 . 1 . . . . . . . . . . Combat Hostiles 2 | . . . . . . . . . . . . . . . . 1 . 1 . . . . . . . . . . Parts Melted 21 | . 1 . . . . . . . . 1 . . 1 . 1 2 2 3 . 1 . . . . 3 . 2 4 Heat Transferred 19529 | 148 666 . . . . . . . . 74 . . 272 720 435 422 981 3438 259 407 444 . 333 2763 2740 480 1234 3713 Parts Sabotaged 2 | . . . . . . . . . . . . . . . . . . . . . . . . . . . . 2 Parts Stolen . | . . . . . . . . . . . . . . . . . . . . . . . . . . . . . Parts Stripped . | . . . . . . . . . . . . . . . . . . . . . . . . . . . . . Power Chain Reactions 4 | . . . . . . . . . . . . . . . . . 2 . . . . . . . . . 1 1 Missiles Intercepted 3 | . . . . . . . . . . . . . . . . . . . . . . . . . . . 3 . Alert | -11 -10 -10 -9 -9 -9 -9 -7 -7 -7 -7 -7 -7 -6 -6 -6 -6 -5 -5 -5 -4 -4 -4 -4 -4 -3 -3 -3 -3 ------- Run | Scr Mat Min Mat Sto Gar Rec Fac Was Fac Gar Fac Gar Fac Was Fac Gar Fac Gar Fac Fac Ext Cet Arc Hub Res Gar Res Qua Peak Influence 1790 | 15 334 125 781 989 1072 515 1173 388 399 914 897 1219 654 85 377 1120 588 587 448 552 434 731 406 1158 1280 1778 1666 1790 Initial 1055 | . 9 13 15 329 642 482 1055 388 257 279 479 627 639 85 1 256 588 230 308 219 270 112 212 11 549 945 999 925 Average 580 | 6 146 30 430 627 933 418 1077 378 319 644 703 1069 328 55 222 860 211 460 365 275 268 476 150 625 821 1528 1140 1256 Maximum Alert Level 5 | . 1 . 3 3 3 2 4 1 1 3 3 4 2 . 1 4 2 2 2 2 2 3 2 4 4 5 5 5 Low Security (%) 20 | 100 83 100 25 . . . . . . . . . 28 100 22 . 57 . . 13 22 8 55 9 . . . . Level 1 20 | . 16 . 10 9 . 45 . 100 100 12 . . 59 . 77 3 32 20 76 72 65 39 24 15 . . . . Level 2 23 | . . . 49 59 9 54 . . . 43 41 7 11 . . 7 9 79 23 13 12 23 20 16 43 . . . Level 3 23 | . . . 14 31 90 . 68 . . 44 58 37 . . . 69 . . . . . 29 . 52 41 16 47 24 Level 4 9 | . . . . . . . 31 . . . . 54 . . . 19 . . . . . . . 5 15 24 48 67 Level 5 2 | . . . . . . . . . . . . . . . . . . . . . . . . . . 58 3 . High Security . | . . . . . . . . . . . . . . . . . . . . . . . . . . . . 8 Max Security . | . . . . . . . . . . . . . . . . . . . . . . . . . . . . . Squads Dispatched 77 | . 3 . 6 5 . . 7 . 3 . 5 . 1 . 3 . 3 . 2 2 1 . . 7 10 . 6 13 Investigation 15 | . 2 . . 3 . . 1 . 1 . 1 . . . 1 . 1 . 1 . 1 . . 1 1 . . 1 Extermination 12 | . . . . . . . 1 . . . . . . . . . 1 . . 1 . . . 2 4 . 1 2 Reinforcement 22 | . 1 . 4 . . . 2 . . . 1 . 1 . 2 . 1 . 1 1 . . . 2 4 . 1 1 Assault 16 | . . . 2 . . . 2 . . . . . . . . . . . . . . . . 1 1 . 4 6 Garrison 12 | . . . . 2 . . 1 . 2 . 3 . . . . . . . . . . . . 1 . . . 3 Intercept . | . . . . . . . . . . . . . . . . . . . . . . . . . . . . . Construction Impeded 8 | . . . 1 . . . 1 . . . . . . . 1 . . . 1 1 . . . . 1 . 1 1 Haulers Reinforced 4 | . . . . . . . 1 . . . 1 . . . 1 . . . . . . . . 1 . . . . Stealth | -11 -10 -10 -9 -9 -9 -9 -7 -7 -7 -7 -7 -7 -6 -6 -6 -6 -5 -5 -5 -4 -4 -4 -4 -4 -3 -3 -3 -3 --------- Run | Scr Mat Min Mat Sto Gar Rec Fac Was Fac Gar Fac Gar Fac Was Fac Gar Fac Gar Fac Fac Ext Cet Arc Hub Res Gar Res Qua Distress Signals 22 | . 3 . 6 1 . . . . . . . . . . . . 2 . . . 2 2 . 3 2 . . 1 Communications Jammed . | . . . . . . . . . . . . . . . . . . . . . . . . . . . . . Distress Signals . | . . . . . . . . . . . . . . . . . . . . . . . . . . . . . Times Spotted 675 | . 20 13 66 37 11 11 24 5 8 30 14 25 4 . 4 26 21 33 6 11 14 13 22 58 53 33 47 66 Peak Tracking Total 21 | . 5 7 5 5 11 3 6 2 4 6 3 10 1 . 1 4 5 8 4 2 4 5 1 21 7 6 9 14 Tactical Retreats 40 | . 3 2 2 6 1 . 2 1 1 2 . 2 . . . . . 2 . . . . . 3 3 3 2 5 Traps | -11 -10 -10 -9 -9 -9 -9 -7 -7 -7 -7 -7 -7 -6 -6 -6 -6 -5 -5 -5 -4 -4 -4 -4 -4 -3 -3 -3 -3 ------- Run | Scr Mat Min Mat Sto Gar Rec Fac Was Fac Gar Fac Gar Fac Was Fac Gar Fac Gar Fac Fac Ext Cet Arc Hub Res Gar Res Qua Traps Triggered 53 | . 1 . 2 1 1 . 7 . . 4 . 4 1 . . 11 2 8 . . 1 . . . 1 9 . . Indirectly . | . . . . . . . . . . . . . . . . . . . . . . . . . . . . . Trap Hack Attempts . | . . . . . . . . . . . . . . . . . . . . . . . . . . . . . Triggered . | . . . . . . . . . . . . . . . . . . . . . . . . . . . . . Disarmed . | . . . . . . . . . . . . . . . . . . . . . . . . . . . . . Reprogrammed . | . . . . . . . . . . . . . . . . . . . . . . . . . . . . . Reused . | . . . . . . . . . . . . . . . . . . . . . . . . . . . . . Traps Extracted . | . . . . . . . . . . . . . . . . . . . . . . . . . . . . . Installed . | . . . . . . . . . . . . . . . . . . . . . . . . . . . . . Triggered 1 | . . . . . . . . . . . . . . . . . . . . . . . . . . 1 . . Machines | -11 -10 -10 -9 -9 -9 -9 -7 -7 -7 -7 -7 -7 -6 -6 -6 -6 -5 -5 -5 -4 -4 -4 -4 -4 -3 -3 -3 -3 ---------- Run | Scr Mat Min Mat Sto Gar Rec Fac Was Fac Gar Fac Gar Fac Was Fac Gar Fac Gar Fac Fac Ext Cet Arc Hub Res Gar Res Qua Machines Disabled 77 | . . 1 4 1 1 1 . . . 4 . 2 . . 4 4 8 3 . 5 5 1 3 14 4 6 2 4 Max in Single Turn 3 | . . 1 1 1 1 . . . . 1 . 1 . . . 1 . 1 . . 1 1 1 3 1 1 1 1 Garrison Access 2 | . . . . . . . . . . . . . . . . . 1 . . . . . . 1 . . . . Garrison Relay 17 | . . . . . 1 . . . . 4 . 2 . . . 4 . 3 . . . . . . . 3 . . Network Hub 2 | . . . . . . . . . . . . . . . . . . . . . . . . 2 . . . . Machines Sabotaged . | . . . . . . . . . . . . . . . . . . . . . . . . . . . . . Garrisons Compromised . | . . . . . . . . . . . . . . . . . . . . . . . . . . . . . Overloaded Fab Kills . | . . . . . . . . . . . . . . . . . . . . . . . . . . . . . Fab Network Shutdowns . | . . . . . . . . . . . . . . . . . . . . . . . . . . . . . Hacking | -11 -10 -10 -9 -9 -9 -9 -7 -7 -7 -7 -7 -7 -6 -6 -6 -6 -5 -5 -5 -4 -4 -4 -4 -4 -3 -3 -3 -3 --------- Run | Scr Mat Min Mat Sto Gar Rec Fac Was Fac Gar Fac Gar Fac Was Fac Gar Fac Gar Fac Fac Ext Cet Arc Hub Res Gar Res Qua Machines Accessed 69 | . 4 . 8 7 . 6 2 . 1 . 1 . 6 . 2 . 7 . 2 3 6 1 . 3 3 . 4 3 Terminals 42 | . 3 . 6 4 . 4 1 . . . . . 3 . . . 1 . 2 1 6 1 . 2 2 . 3 3 Fabricators 8 | . . . . . . . 1 . . . . . 1 . 1 . 2 . . 2 . . . . . . 1 . Repair Stations 1 | . . . 1 . . . . . . . . . . . . . . . . . . . . . . . . . Recycling Units 6 | . 1 . . 2 . 2 . . . . . . 1 . . . . . . . . . . . . . . . Scanalyzers 4 | . . . 1 . . . . . . . . . 1 . . . 2 . . . . . . . . . . . Garrison Access 8 | . . . . 1 . . . . 1 . 1 . . . 1 . 2 . . . . . . 1 1 . . . Total Hacks 212 | . 14 . 25 20 . 16 7 . 3 . 2 . 13 . 5 . 21 . 5 8 16 1 . 9 10 . 26 11 Successful 101 | . 9 . 15 14 . 7 4 . 1 . 2 . 3 . 2 . 16 . 1 3 5 . . 5 3 . 9 2 Failed 111 | . 5 . 10 6 . 9 3 . 2 . . . 10 . 3 . 5 . 4 5 11 1 . 4 7 . 17 9 Catastrophic 25 | . . . 2 2 . 2 . . . . . . 1 . . . 1 . 2 . 3 1 . . 2 . 5 4 Database Lockouts . | . . . . . . . . . . . . . . . . . . . . . . . . . . . . . Manual 86 | . 13 . 11 13 . 12 1 . 2 . 1 . 1 . 2 . 3 . 3 . 7 1 . 5 2 . 9 . Terminals 142 | . 12 . 21 13 . 12 3 . . . . . 6 . . . 3 . 5 2 16 1 . 7 7 . 23 11 Fabricators 25 | . . . . . . . 4 . . . . . 2 . 2 . 8 . . 6 . . . . . . 3 . Repair Stations 2 | . . . 2 . . . . . . . . . . . . . . . . . . . . . . . . . Recycling Units 12 | . 2 . . 4 . 4 . . . . . . 2 . . . . . . . . . . . . . . . Scanalyzers 11 | . . . 2 . . . . . . . . . 3 . . . 6 . . . . . . . . . . . Garrison Access 20 | . . . . 3 . . . . 3 . 2 . . . 3 . 4 . . . . . . 2 3 . . . Terminal Hacks 38 | . 5 . 8 6 . 2 . . . . . . 2 . . . 1 . 1 1 3 . . 2 1 . 4 2 Record 1 | . . . . . . . . . . . . . . . . . . . . . . . . . . . . 1 Part Schematic 3 | . 1 . . . . . . . . . . . . . . . . . . . . . . . . . 1 1 Robot Schematic 1 | . . . 1 . . . . . . . . . . . . . . . . . . . . . . . . . Robot Analysis 5 | . 3 . 1 1 . . . . . . . . . . . . . . . . . . . . . . . . Prototype ID Bank 4 | . . . 1 1 . . . . . . . . 1 . . . . . . . . . . . . . 1 . Open Door 4 | . . . . 1 . . . . . . . . . . . . . . . 1 2 . . . . . . . Branch Access Points 2 | . . . 1 . . . . . . . . . . . . . . . . . . . . . . . 1 . Terminal Index 4 | . . . . . . . . . . . . . 1 . . . . . 1 . . . . 1 1 . . . Alert Level 1 | . . . . . . 1 . . . . . . . . . . . . . . . . . . . . . . Unreport Threat 5 | . . . . 1 . 1 . . . . . . . . . . 1 . . . 1 . . 1 . . . . Locate Traps 4 | . . . 3 1 . . . . . . . . . . . . . . . . . . . . . . . . Surveillance Status 1 | . . . . . . . . . . . . . . . . . . . . . . . . . . . 1 . Zone Layout 3 | . 1 . 1 1 . . . . . . . . . . . . . . . . . . . . . . . . Fabricator Hacks 14 | . . . . . . . 3 . . . . . 1 . 1 . 4 . . 2 . . . . . . 3 . Load Schematic 6 | . . . . . . . 1 . . . . . 1 . . . 2 . . 1 . . . . . . 1 . Build 8 | . . . . . . . 2 . . . . . . . 1 . 2 . . 1 . . . . . . 2 . Repair Station Hacks 2 | . . . 2 . . . . . . . . . . . . . . . . . . . . . . . . . Scan Component 1 | . . . 1 . . . . . . . . . . . . . . . . . . . . . . . . . Repair 1 | . . . 1 . . . . . . . . . . . . . . . . . . . . . . . . . Recycling Unit Hacks 5 | . 1 . . 2 . 2 . . . . . . . . . . . . . . . . . . . . . . Retrieve Components 5 | . 1 . . 2 . 2 . . . . . . . . . . . . . . . . . . . . . . Scanalyzer 8 | . . . 2 . . . . . . . . . . . . . 6 . . . . . . . . . . . Insert Component 4 | . . . 1 . . . . . . . . . . . . . 3 . . . . . . . . . . . Analyze 4 | . . . 1 . . . . . . . . . . . . . 3 . . . . . . . . . . . Garrison Access Hacks 9 | . . . . 1 . . . . 1 . 1 . . . 1 . 3 . . . . . . 1 1 . . . Unlock Access 6 | . . . . 1 . . . . 1 . 1 . . . 1 . 1 . . . . . . . 1 . . . Seal Access 2 | . . . . . . . . . . . . . . . . . 1 . . . . . . 1 . . . . Coupler Status 1 | . . . . . . . . . . . . . . . . . 1 . . . . . . . . . . . Unauthorized Hacks 25 | . 3 . 3 5 . 3 1 . . . 1 . . . . . 2 . . . 2 . . 2 1 . 2 . Terminals 13 | . 2 . 3 1 . 1 . . . . . . . . . . . . . . 2 . . 2 . . 2 . Track 2 | . . . 2 . . . . . . . . . . . . . . . . . . . . . . . . . Botnet 9 | . 2 . 1 1 . 1 . . . . . . . . . . . . . . 2 . . . . . 2 . Detonate 2 | . . . . . . . . . . . . . . . . . . . . . . . . 2 . . . . Fabricators 2 | . . . . . . . 1 . . . . . . . . . 1 . . . . . . . . . . . Prioritize 2 | . . . . . . . 1 . . . . . . . . . 1 . . . . . . . . . . . Repair Stations . | . . . . . . . . . . . . . . . . . . . . . . . . . . . . . Recycling Units 5 | . 1 . . 2 . 2 . . . . . . . . . . . . . . . . . . . . . . Tunnel 5 | . 1 . . 2 . 2 . . . . . . . . . . . . . . . . . . . . . . Scanalyzers . | . . . . . . . . . . . . . . . . . . . . . . . . . . . . . Garrison Access 5 | . . . . 2 . . . . . . 1 . . . . . 1 . . . . . . . 1 . . . Restock 1 | . . . . 1 . . . . . . . . . . . . . . . . . . . . . . . . Eject 4 | . . . . 1 . . . . . . 1 . . . . . 1 . . . . . . . 1 . . . Data Cores Recovered 2 | . . . . 1 . . . . . . . . . . . . . . . . . . . . . . 1 . Used . | . . . . . . . . . . . . . . . . . . . . . . . . . . . . . Hacking Detections 57 | . 3 . 8 4 . 5 1 . 1 . . . 6 . 2 . 6 . 2 2 5 1 . 2 3 . 4 2 Full Trace Events 7 | . . . . . . 2 . . 1 . . . . . 1 . . . 1 . 1 . . 1 . . . . Feedback Events . | . . . . . . . . . . . . . . . . . . . . . . . . . . . . . Feedback Blocked . | . . . . . . . . . . . . . . . . . . . . . . . . . . . . . Robot Schematics Acquired 1 | . . . 1 . . . . . . . . . . . . . . . . . . . . . . . . . Robots Built . | . . . . . . . . . . . . . . . . . . . . . . . . . . . . . Matter . | . . . . . . . . . . . . . . . . . . . . . . . . . . . . . Time . | . . . . . . . . . . . . . . . . . . . . . . . . . . . . . Total Robot Build Rating . | . . . . . . . . . . . . . . . . . . . . . . . . . . . . . Part Schematics Acquired 7 | . 1 . 1 . . . . . . . . . . . . . 3 . . . . . . . . . 1 1 Parts Built 11 | . . . . . . . 2 . . . . . . . 1 . 4 . . 2 . . . . . . 2 . Matter 1300 | . . . . . . . 204 . . . . . . . 256 . 424 . . 212 . . . . . . 204 . Time 454 | . . . . . . . 76 . . . . . . . 64 . 159 . . 53 . . . . . . 102 . Total Part Build Rating 48 | . . . . . . . 2 . . . . . . . 8 . 24 . . 12 . . . . . . 2 . Parts Repaired 1 | . . . 1 . . . . . . . . . . . . . . . . . . . . . . . . . Time 38 | . . . 38 . . . . . . . . . . . . . . . . . . . . . . . . . Parts Recycled . | . . . . . . . . . . . . . . . . . . . . . . . . . . . . . Recycled Matter . | . . . . . . . . . . . . . . . . . . . . . . . . . . . . . Retrieved Matter . | . . . . . . . . . . . . . . . . . . . . . . . . . . . . . Retrieved Components 25 | . 10 . . 10 . 5 . . . . . . . . . . . . . . . . . . . . . . Parts Scanalyzed 4 | . . . 1 . . . . . . . . . . . . . 3 . . . . . . . . . . . Part Schematics Acquired 4 | . . . 1 . . . . . . . . . . . . . 3 . . . . . . . . . . . Parts Damaged . | . . . . . . . . . . . . . . . . . . . . . . . . . . . . . Bothacking | -11 -10 -10 -9 -9 -9 -9 -7 -7 -7 -7 -7 -7 -6 -6 -6 -6 -5 -5 -5 -4 -4 -4 -4 -4 -3 -3 -3 -3 ------------ Run | Scr Mat Min Mat Sto Gar Rec Fac Was Fac Gar Fac Gar Fac Was Fac Gar Fac Gar Fac Fac Ext Cet Arc Hub Res Gar Res Qua Used RIF Installer 6 | . . . . . 1 . . . . 1 . 1 . . . 1 . 1 . . . . . . . 1 . . Command Fork 1 | . . . . . . . . . . 1 . . . . . . . . . . . . . . . . . . Watcher Feeds 1 | . . . . . . . . . . . . . . . . 1 . . . . . . . . . . . . Autooverride 2 | . . . . . . . . . . . . 1 . . . . . 1 . . . . . . . . . . Autoassimilate 1 | . . . . . . . . . . . . . . . . . . . . . . . . . . 1 . . Robots Hacked 104 | . . . . . . . 3 5 2 4 . 3 3 . . 8 13 19 4 4 7 . 2 6 4 7 8 2 Non-combat 14 | . . . . . . . 1 . . . . . 2 . . . 4 1 . 4 . . . . . . 2 . Combat 90 | . . . . . . . 2 5 2 4 . 3 1 . . 8 9 18 4 . 7 . 2 6 4 7 6 2 Autooverrided 20 | . . . . . . . . . . . . . . . . 1 2 6 1 . 2 . 2 3 . 1 2 . Autoassimilated 5 | . . . . . . . . . . . . . . . . . . . . . . . . . . 2 1 2 Robot Hacks Applied 92 | . . . . . . . 4 7 2 4 . 3 6 . . 7 16 14 3 4 5 . . 3 5 4 5 . parse_system 2 | . . . . . . . . . . . . . . . . . 1 . . . 1 . . . . . . . find_chute 3 | . . . . . . . 1 . . . . . 1 . . . 1 . . . . . . . . . . . drop_inventory 2 | . . . . . . . . . . . . . . . . . 1 . . 1 . . . . . . . . purge_threat 5 | . . . . . . . . . . . . . 2 . . . 3 . . . . . . . . . . . map_route 5 | . . . . . . . . . . . . . . . . . 1 . . 3 . . . . . . 1 . ignore_targets 7 | . . . . . . . . 7 . . . . . . . . . . . . . . . . . . . . find_garrison 4 | . . . . . . . . . . . . . 1 . . . 2 . . . . . . . 1 . . . mark_system 1 | . . . . . . . 1 . . . . . . . . . . . . . . . . . . . . . spike_heat 4 | . . . . . . . . . . . . . . . . 2 . 1 . . . . . . . 1 . . reboot_system 4 | . . . . . . . . . . . . . . . . . 1 . . . 1 . . . 1 . 1 . overwrite_iff 8 | . . . . . . . 1 . 1 . . . . . . 1 . 4 . . . . . 1 . . . . streamctrl_high 5 | . . . . . . . 1 . 1 . . . . . . . . 3 . . . . . . . . . . formatsys_low 2 | . . . . . . . . . . . . . 1 . . . 1 . . . . . . . . . . . formatsys_high 40 | . . . . . . . . . . 4 . 3 1 . . 4 5 6 3 . 3 . . 2 3 3 3 . Relay Couplers Released 92 | . . . . 7 3 . . . . 17 4 10 . . . 14 6 12 . . . . . 2 3 14 . . Ejected 13 | . . . . 3 . . . . . . 4 . . . . . 3 . . . . . . . 3 . . . Machine Destruction 75 | . . . . . 3 . . . . 17 . 10 . . . 14 3 12 . . . . . 2 . 14 . . Programmers 4 | . . . . 4 . . . . . . . . . . . . . . . . . . . . . . . . Attached 43 | . . . . . . . 2 . 1 3 . 3 2 . . 2 8 5 2 1 2 . . 2 2 4 4 . Robots Rewired 15 | . . . . . . 6 . . . . . . . . . . . . . . 8 . . . . 1 . . Allies Hacked 5 | . . . . . . . . . . . . . . . . . . . . . . . . 1 . 1 1 2 Hacks Repelled . | . . . . . . . . . . . . . . . . . . . . . . . . . . . . . Allies | -11 -10 -10 -9 -9 -9 -9 -7 -7 -7 -7 -7 -7 -6 -6 -6 -6 -5 -5 -5 -4 -4 -4 -4 -4 -3 -3 -3 -3 -------- Run | Scr Mat Min Mat Sto Gar Rec Fac Was Fac Gar Fac Gar Fac Was Fac Gar Fac Gar Fac Fac Ext Cet Arc Hub Res Gar Res Qua Total Allies 139 | . . 5 . . . 6 2 1 2 7 . 4 2 20 . 6 8 19 4 . 20 5 2 6 3 9 6 2 Largest Group 25 | . . 5 . . . 6 6 1 2 5 5 3 5 25 23 15 9 3 5 4 20 18 16 14 2 4 5 2 Highest-Rated Group 1123 | . . 81 . . . 94 94 31 64 77 77 64 122 877 777 516 292 109 216 187 1069 1123 946 790 60 256 308 116 Highest-Rated Ally 156 | . . 31 . . . 24 29 31 32 16 16 32 32 50 50 46 49 60 60 60 156 156 156 94 56 64 64 64 Total Orders 25 | . . . . . . . . . . . . . . . . . 4 2 3 2 4 5 . 3 . 2 . . STAY 14 | . . . . . . . . . . . . . . . . . 2 1 2 1 2 4 . 1 . 1 . . FOLLOW 11 | . . . . . . . . . . . . . . . . . 2 1 1 1 2 1 . 2 . 1 . . Ally Attacks 1110 | . . 7 . . . 70 37 40 2 32 40 14 3 . 104 119 68 50 13 26 68 62 41 160 23 68 39 24 Total Damage 30378 | . . 43 . . . 549 516 772 62 384 507 193 27 . 1558 2531 2033 953 351 1568 2671 3324 1651 4515 626 2370 1795 1379 Kills 185 | . . 2 . . . 16 3 2 2 4 8 1 . . 14 21 16 1 2 8 14 15 4 21 4 11 10 6 Allies Corrupted 10 | . . . . . . . . . . . . . . . . . . 1 . . . 1 . 3 . 1 3 1 Allies Melted . | . . . . . . . . . . . . . . . . . . . . . . . . . . . . . Intel | -11 -10 -10 -9 -9 -9 -9 -7 -7 -7 -7 -7 -7 -6 -6 -6 -6 -5 -5 -5 -4 -4 -4 -4 -4 -3 -3 -3 -3 ------- Run | Scr Mat Min Mat Sto Gar Rec Fac Was Fac Gar Fac Gar Fac Was Fac Gar Fac Gar Fac Fac Ext Cet Arc Hub Res Gar Res Qua Robot Analysis Total 5 | . 3 . 1 1 . . . . . . . . . . . . . . . . . . . . . . . . Derelict Logs Recovered 2 | . . 2 . . . . . . . . . . . . . . . . . . . . . . . . . . Drone Launches . | . . . . . . . . . . . . . . . . . . . . . . . . . . . . . Drone Recoveries . | . . . . . . . . . . . . . . . . . . . . . . . . . . . . . Exploration | -11 -10 -10 -9 -9 -9 -9 -7 -7 -7 -7 -7 -7 -6 -6 -6 -6 -5 -5 -5 -4 -4 -4 -4 -4 -3 -3 -3 -3 ------------- Run | Scr Mat Min Mat Sto Gar Rec Fac Was Fac Gar Fac Gar Fac Was Fac Gar Fac Gar Fac Fac Ext Cet Arc Hub Res Gar Res Qua Turns Passed 26984 | 88 989 755 2111 1120 583 487 908 215 204 921 389 699 687 615 589 1688 1284 2109 298 721 1350 463 1780 1202 1717 1193 1084 735 Spaces Moved 12335 | 60 538 435 1037 435 319 235 402 125 89 482 229 383 436 322 359 847 657 962 147 369 679 216 203 466 739 530 398 236 Core 49 | 1 . . . . . . . . . . . . . . . . . . . . . . 48 . . . . . Treads 8275 | . 353 435 690 435 319 235 24 . . . . . . . . 456 431 962 147 369 679 216 155 466 739 530 398 236 Legs . | . . . . . . . . . . . . . . . . . . . . . . . . . . . . . Wheels 4011 | 59 185 . 347 . . . 378 125 89 482 229 383 436 322 359 391 226 . . . . . . . . . . . Hover . | . . . . . . . . . . . . . . . . . . . . . . . . . . . . . Flight . | . . . . . . . . . . . . . . . . . . . . . . . . . . . . . Fastest Speed 50 | 50 90 160 110 160 160 160 110 120 130 130 130 130 140 140 150 150 150 180 180 180 180 180 180 180 180 185 185 185 Average Speed 173 | 89 135 160 144 160 160 160 129 135 130 130 130 132 141 148 150 176 169 180 180 180 180 180 834 180 182 185 186 186 Slowest Speed 2950 | 100 160 160 160 160 160 160 220 140 130 130 130 140 150 150 150 200 200 180 180 180 200 180 2950 180 185 185 230 230 Overloaded Moves . | . . . . . . . . . . . . . . . . . . . . . . . . . . . . . Propulsion Burnouts . | . . . . . . . . . . . . . . . . . . . . . . . . . . . . . Robots Hopped . | . . . . . . . . . . . . . . . . . . . . . . . . . . . . . Cave-ins Triggered . | . . . . . . . . . . . . . . . . . . . . . . . . . . . . . Exploration Rate (%) 45 | 4 65 69 80 65 53 49 17 75 2 72 6 66 14 95 12 87 16 54 4 10 72 74 78 35 26 68 12 26 Regions Visited 28 Branch Regions 8 Pre-discovered Areas 6 | . 1 1 . 2 . 2 . . . . . . . . . . . . . . . . . . . . . . Known Exits Taken 8 | . . . 1 1 . . . . 1 . 1 . . . 1 . 1 . . . . . . . 1 . 1 . Unknown Exits Taken 10 | 1 1 1 . . . 1 . . . . . . . . . . . . 1 1 1 1 1 1 . . . . Scrap Searched 1 | . . 1 . . . . . . . . . . . . . . . . . . . . . . . . . . Spaces Dug 103 | . . 1 . . . . 1 . . . . 13 . . . 1 1 . . 14 2 . . 3 40 26 . 1 Terrain Destroyed 730 | . . 33 . . 9 . 5 . . . 5 20 4 2 . 3 3 . . 14 18 1 2 369 94 34 64 50 Melee 3 | . . . . . . . 1 . . . . . . . . . . . . . 2 . . . . . . . Projectile 131 | . . 1 . . . . . . . . 5 . 4 2 . 3 2 . . . . 1 2 42 32 8 8 21 AOE 596 | . . 32 . . 9 . 4 . . . . 20 . . . . 1 . . 14 16 . . 327 62 26 56 29 Terrain Rammed . | . . . . . . . . . . . . . . . . . . . . . . . . . . . . . Walls Destroyed . | . . . . . . . . . . . . . . . . . . . . . . . . . . . . . Machines Disabled . | . . . . . . . . . . . . . . . . . . . . . . . . . . . . . Actions | -11 -10 -10 -9 -9 -9 -9 -7 -7 -7 -7 -7 -7 -6 -6 -6 -6 -5 -5 -5 -4 -4 -4 -4 -4 -3 -3 -3 -3 --------- Run | Scr Mat Min Mat Sto Gar Rec Fac Was Fac Gar Fac Gar Fac Was Fac Gar Fac Gar Fac Fac Ext Cet Arc Hub Res Gar Res Qua Total 15721 | 78 662 460 1363 664 357 304 642 161 147 654 270 501 488 443 401 990 779 1162 169 411 770 287 243 640 950 689 657 379 Wait 967 | . 25 1 96 44 8 42 89 11 8 13 . 14 13 101 26 51 30 12 8 5 19 48 11 19 67 42 141 23 Move 12309 | 59 537 434 1036 434 317 234 402 124 89 480 228 382 436 321 359 846 656 960 146 368 678 215 202 465 738 529 398 236 Hop . | . . . . . . . . . . . . . . . . . . . . . . . . . . . . . Pick Up 197 | 5 7 . 16 12 2 . 8 4 6 17 3 9 6 . 4 8 11 15 . 6 3 5 1 9 11 16 9 4 Fast Attach 97 | 7 3 . 10 1 . . 8 1 3 3 4 1 3 4 1 1 3 2 . 3 4 3 . 10 7 7 2 6 Attach 97 | . 3 . 4 5 2 . 5 1 6 7 2 7 1 . . 2 6 6 1 3 3 1 . 9 5 3 9 6 Detach 18 | . . . 1 2 . . 1 . 1 . . . . . . 1 1 . . . 1 . . 6 . . . 4 Swap 241 | . 1 5 17 21 3 2 14 . 7 18 . 12 7 2 1 4 16 26 5 6 10 5 3 10 18 8 14 6 Drop 236 | . 5 1 25 29 3 . 12 5 10 12 6 7 5 5 5 5 9 10 . 8 6 7 1 15 11 19 6 9 Fire 1339 | 7 81 19 158 114 20 15 75 11 17 66 27 35 17 10 5 38 47 96 9 12 39 3 14 97 91 56 78 82 Melee 68 | . . . . 1 . 11 2 4 . 6 . 10 . . . . . 18 . . 5 . 11 . . . . . Ram . | . . . . . . . . . . . . . . . . . . . . . . . . . . . . . Kick . | . . . . . . . . . . . . . . . . . . . . . . . . . . . . . Crush 6 | . . . . . . . . . . . . . . . . . . 1 . . . . . . 2 . . 3 Escape Stasis 145 | . . . . 1 2 . 26 . . 32 . 24 . . . 34 . 16 . . 2 . . . . 8 . . Rewire 1 | . . . . . . . . . . . . . . . . . . . . . . . . . . 1 . . Trap . | . . . . . . . . . . . . . . . . . . . . . . . . . . . . . Miscellaneous . | . . . . . . . . . . . . . . . . . . . . . . . . . . . . . Route ------- -11/Scrapyard -10/Materials (discovered 3 exits: *Mat x2 / [*Min]) -10/Mines (discovered 2 exits: *Mat x2) -9/Materials (discovered 5 exits: [*Mat x2] / *Min x2 / *Sto) -9/Storage (discovered 2 exits: [*Mat] / Gar) -9/Garrison (discovered 3 exits: *Rec x3) -9/Recycling -7/Factory -7/Waste -7/Factory -7/Garrison (discovered 3 exits: *Fac x3) -7/Factory -7/Garrison (discovered 2 exits: *Fac x2) -6/Factory -6/Waste -6/Factory (discovered 2 exits: *Fac / Gar) -6/Garrison (discovered 3 exits: *Fac x3) -5/Factory -5/Garrison (discovered 2 exits: *Fac x2) -5/Factory -4/Factory (discovered 2 exits: [Upp] / *Ext) -4/Extension (discovered 2 exits: *Res / *Cet) -4/Cetus (discovered 2 exits: *Res / [*Arc]) -4/Archives (discovered 3 exits: *Res / *Hub x2) -4/Hub_04(d) -3/Research (discovered 2 exits: [*Res] / Gar) -3/Garrison (discovered 2 exits: *Res x2) -3/Research (discovered 3 exits: Arm / *Qua x2) -3/Quarantine History --------- Turn | Location | Event 31 | -11/Scrapyard | Discovered new exit (range 16) 89 | -11/Scrapyard | Entered Materials 323 | -10/Materials | Build established: Mutant 340 | -10/Materials | Discovered new exit (range 7) 421 | -10/Materials | Core integrity fell below 50% 642 | -10/Materials | Discovered new exit (range 9) 857 | -10/Materials | Discovered new exit (range 4) 1078 | -10/Materials | Entered Mines 1083 | -10/Mines | Assisted by bots powering up and referring to "LRC-V3" 1134 | -10/Mines | Learned location of Storage (-9) 1248 | -10/Mines | Learned Materials stockpile data 1284 | -10/Mines | Found a hidden stash of uninstalled traps 1362 | -10/Mines | Discovered new exit (range 9) 1383 | -10/Mines | Discovered new exit (range 13) 1447 | -10/Mines | Learned Materials stockpile data 1490 | -10/Mines | Assembled infested the area 1552 | -10/Mines | Destroyed 7 combat bots 1833 | -10/Mines | Entered Materials 1833 | -9/Materials | Evolved 2 slots: Propulsion x1, Utility x1 1834 | -9/Materials | Discovered new exit (range 14) 2319 | -9/Materials | Build established: Scavenger-Mutant 2457 | -9/Materials | Discovered new exit (range 7) 2703 | -9/Materials | Repaired Imp. Light Armor Plating 3024 | -9/Materials | Identified exit to Mines 3024 | -9/Materials | Identified exit to Storage 3090 | -9/Materials | Discovered new exit (range 12) 3343 | -9/Materials | Discovered new exit (range 16) 3433 | -9/Materials | First assault squad dispatched 3944 | -9/Materials | Entered Storage 4224 | -9/Storage | Core integrity fell below 50% 4636 | -9/Storage | Discovered new exit (range 5) 4912 | -9/Storage | Garrison activated, responded to threat 4973 | -9/Storage | Identified exit to Garrison 5064 | -9/Storage | Entered Garrison 5118 | -9/Garrison | Triggered checkpoint 5123 | -9/Garrison | Core integrity fell below 20% 5182 | -9/Garrison | Destroyed 11 combat bots 5218 | -9/Garrison | Discovered new exit (range 8) 5313 | -9/Garrison | Discovered new exit (range 10) 5394 | -9/Garrison | Triggered checkpoint 5441 | -9/Garrison | Discovered new exit (range 15) 5464 | -9/Garrison | Build established: Mutant 5475 | -9/Garrison | Installed Relay Interface Framework 5547 | -9/Garrison | Garrison Relay disabled 5562 | -9/Garrison | Triggered checkpoint 5647 | -9/Garrison | Entered Recycling 5692 | -9/Recycling | Spotter reported a threat 5745 | -9/Recycling | Spotter reported a threat 5748 | -9/Recycling | Spotter reported a threat 5758 | -9/Recycling | Spotter reported a threat 5794 | -9/Recycling | Spotter reported a threat 5811 | -9/Recycling | Spotter reported a threat 5831 | -9/Recycling | Spotter reported a threat 5832 | -9/Recycling | Spotter reported a threat 5864 | -9/Recycling | Spotter reported a threat 5878 | -9/Recycling | Spotter reported a threat 5880 | -9/Recycling | Spotter reported a threat 5891 | -9/Recycling | Spotter reported a threat 5891 | -9/Recycling | Spotter reported a threat 5899 | -9/Recycling | Spotter reported a threat 5906 | -9/Recycling | Spotter reported a threat 5926 | -9/Recycling | Spotter reported a threat 5933 | -9/Recycling | Spotter reported a threat 5944 | -9/Recycling | Spotter reported a threat 5944 | -9/Recycling | Spotter reported a threat 5977 | -9/Recycling | Spotter reported a threat 5978 | -9/Recycling | Spotter reported a threat 5986 | -9/Recycling | Spotter reported a threat 6019 | -9/Recycling | Spotter reported a threat 6019 | -9/Recycling | Spotter reported a threat 6019 | -9/Recycling | Spotter reported a threat 6019 | -9/Recycling | Spotter reported a threat 6048 | -9/Recycling | Discovered new exit (range 16) 6070 | -9/Recycling | Spotter reported a threat 6072 | -9/Recycling | Spotter reported a threat 6072 | -9/Recycling | Spotter reported a threat 6101 | -9/Recycling | Spotter reported a threat 6111 | -9/Recycling | Build established: Commander-Mutant 6121 | -9/Recycling | Spotter reported a threat 6134 | -9/Recycling | Entered Factory 6134 | -7/Factory | Accompanied by 6 allies 6134 | -7/Factory | Evolved 4 slots: Propulsion x1, Utility x3 6482 | -7/Factory | Garrison activated, responded to threat 6534 | -7/Factory | First assault squad dispatched 6599 | -7/Factory | Build established: Hauler-Mutant 6822 | -7/Factory | Fabricated Hcp. Storage Unit (x1) 6851 | -7/Factory | Fabricated Hcp. Storage Unit (x1) 7042 | -7/Factory | Sucked down chute 7042 | -7/Factory | Entered Waste 7043 | -7/Waste | Met a frightened Derelict 7057 | -7/Waste | EMP discharged 7065 | -7/Waste | Spotted C-40 Crusher 7065 | -7/Waste | Spotted C-40 Crusher 7085 | -7/Waste | Spotted C-40 Crusher 7085 | -7/Waste | Spotted C-40 Crusher 7086 | -7/Waste | Allies destroyed C-40 Crusher 7094 | -7/Waste | Spotted C-40 Crusher 7105 | -7/Waste | Spotted C-40 Crusher 7135 | -7/Waste | Allies destroyed C-40 Crusher 7145 | -7/Waste | Found Damper Plating 7157 | -7/Waste | EMP discharged 7229 | -7/Waste | Discovered new exit (range 16) 7257 | -7/Waste | EMP discharged 7257 | -7/Waste | Entered Factory 7331 | -7/Factory | Garrison activated, responded to threat 7461 | -7/Factory | Identified exit to Garrison 7461 | -7/Factory | Entered Garrison 7468 | -7/Garrison | Expanded RIF knowledge: Command Fork 7498 | -7/Garrison | Triggered checkpoint 7615 | -7/Garrison | Garrison Relay disabled 7687 | -7/Garrison | Triggered checkpoint 7837 | -7/Garrison | Triggered checkpoint 7846 | -7/Garrison | Triggered checkpoint 7940 | -7/Garrison | Discovered new exit (range 9) 7952 | -7/Garrison | Triggered checkpoint 7973 | -7/Garrison | Garrison Relay disabled 8074 | -7/Garrison | Triggered checkpoint 8114 | -7/Garrison | Garrison Relay disabled 8177 | -7/Garrison | Discovered new exit (range 14) 8257 | -7/Garrison | Build established: Bothacker-Mutant 8292 | -7/Garrison | Triggered checkpoint 8322 | -7/Garrison | Garrison Relay disabled 8355 | -7/Garrison | Discovered new exit (range 10) 8382 | -7/Garrison | Entered Factory 8382 | -7/Factory | Accompanied by 5 allies 8431 | -7/Factory | Garrison activated, responded to threat 8756 | -7/Factory | Identified exit to Garrison 8771 | -7/Factory | Entered Garrison 8820 | -7/Garrison | Core integrity fell below 50% 8848 | -7/Garrison | Triggered checkpoint 8862 | -7/Garrison | Triggered checkpoint 8906 | -7/Garrison | Destroyed 17 combat bots 8972 | -7/Garrison | Triggered checkpoint 9014 | -7/Garrison | Discovered new exit (range 14) 9052 | -7/Garrison | Triggered checkpoint 9075 | -7/Garrison | Garrison Relay disabled 9228 | -7/Garrison | Triggered checkpoint 9250 | -7/Garrison | Garrison Relay disabled 9443 | -7/Garrison | Discovered new exit (range 10) 9464 | -7/Garrison | Expanded RIF knowledge: Autooverride 9470 | -7/Garrison | Entered Factory 9470 | -6/Factory | Accompanied by 3 allies 9470 | -6/Factory | Evolved 2 slots: Power x1, Utility x1 10157 | -6/Factory | Sucked down chute 10157 | -6/Factory | Entered Waste 10158 | -6/Waste | Joined by Warlord forces that had cleared the area 10280 | -6/Waste | 5 allies followed down the chute 10500 | -6/Waste | Discovered new exit (range 16) 10772 | -6/Waste | Entered Factory 10772 | -6/Factory | Accompanied by 23 allies 11045 | -6/Factory | Fabricated Fusion Bomb Launcher? 11125 | -6/Factory | Discovered new exit (range 16) 11189 | -6/Factory | Identified exit to Factory 11224 | -6/Factory | Spotted B-75 Beast 11233 | -6/Factory | Allies destroyed B-75 Beast 11361 | -6/Factory | Identified exit to Garrison 11361 | -6/Factory | Entered Garrison 11361 | -6/Garrison | Accompanied by 15 allies 11406 | -6/Garrison | Spotted B-75 Beast 11412 | -6/Garrison | Triggered checkpoint 11420 | -6/Garrison | Triggered checkpoint 11436 | -6/Garrison | Allies destroyed B-75 Beast 11436 | -6/Garrison | Triggered checkpoint 11446 | -6/Garrison | Triggered checkpoint 11577 | -6/Garrison | Discovered exit to Factory (range 8) 11723 | -6/Garrison | Discovered exit to Factory (range 14) 11892 | -6/Garrison | Triggered checkpoint 11918 | -6/Garrison | Garrison Relay disabled 12029 | -6/Garrison | Discovered exit to Factory (range 8) 12057 | -6/Garrison | Expanded RIF knowledge: Patrol Navigation 12216 | -6/Garrison | Triggered checkpoint 12257 | -6/Garrison | Garrison Relay disabled 12532 | -6/Garrison | Triggered checkpoint 12556 | -6/Garrison | Garrison Relay disabled 12686 | -6/Garrison | Triggered checkpoint 12715 | -6/Garrison | Garrison Relay disabled 13028 | -6/Garrison | Build established: Botlord-Mutant 13049 | -6/Garrison | Entered Factory 13049 | -5/Factory | Accompanied by 4 allies 13049 | -5/Factory | Evolved 2 slots: Utility x2 13390 | -5/Factory | Fabricated Hvy. Treads? 13392 | -5/Factory | Build established: Bothacker-Mutant 13464 | -5/Factory | Fabricated Hvy. Treads? 14317 | -5/Factory | Identified exit to Garrison 14333 | -5/Factory | Entered Garrison 14422 | -5/Garrison | Triggered checkpoint 14442 | -5/Garrison | Garrison Relay disabled 14639 | -5/Garrison | Spotted B-75 Beast 14644 | -5/Garrison | Triggered checkpoint 14656 | -5/Garrison | Triggered checkpoint 14672 | -5/Garrison | Allies destroyed B-75 Beast 14762 | -5/Garrison | Triggered checkpoint 14810 | -5/Garrison | Discovered new exit (range 9) 14846 | -5/Garrison | Expanded RIF knowledge: Autooverride 15016 | -5/Garrison | Triggered checkpoint 15151 | -5/Garrison | Garrison Relay disabled 15406 | -5/Garrison | Triggered checkpoint 15452 | -5/Garrison | Build established: Botlord-Mutant 15611 | -5/Garrison | Discovered new exit (range 12) 15704 | -5/Garrison | Triggered checkpoint 16126 | -5/Garrison | Triggered checkpoint 16151 | -5/Garrison | Garrison Relay disabled 16442 | -5/Garrison | Entered Factory 16442 | -5/Factory | Accompanied by 2 allies 16566 | -5/Factory | Discovered new exit (range 11) 16740 | -5/Factory | Entered another Factory area 16740 | -4/Factory | Accompanied by 4 allies 16740 | -4/Factory | Evolved 2 slots: Utility x1, Weapon x1 16831 | -4/Factory | Fabricated Hvy. Treads? 16998 | -4/Factory | Discovered new exit (range 60) 17423 | -4/Factory | Discovered new exit (range 6) 17461 | -4/Factory | Entered Extension 17461 | -4/Extension | Accompanied by 3 allies 17515 | -4/Extension | Rescued a captive Derelict 17531 | -4/Extension | Rescued a captive Derelict 17723 | -4/Extension | Spotted B-86 Titan 17736 | -4/Extension | Spotted B-86 Titan 17740 | -4/Extension | Assimilated Titan 7a with formatsys_high 17808 | -4/Extension | Rescued A7 18060 | -4/Extension | Rescued a captive Derelict 18061 | -4/Extension | Rescued a captive Derelict 18313 | -4/Extension | Build established: Commander-Mutant 18765 | -4/Extension | Discovered new exit (range 15) 18767 | -4/Extension | Discovered new exit (range 15) 18811 | -4/Extension | Entered Cetus 18811 | -4/Cetus | Accompanied by 15 allies (A7) 18816 | -4/Cetus | Acquired a Cetus Manufacturing Module code from A7 18835 | -4/Cetus | Spotted Cetus Guard 18835 | -4/Cetus | Spotted Cetus Guard 18836 | -4/Cetus | Spotted Cetus Guard 18836 | -4/Cetus | Spotted Cetus Guard 18845 | -4/Cetus | Allies destroyed Cetus Guard 18850 | -4/Cetus | Allies destroyed Cetus Guard 18853 | -4/Cetus | Allies destroyed Cetus Guard 18854 | -4/Cetus | Allies destroyed Cetus Guard 18925 | -4/Cetus | Started Cetus Manufacturing Module 18950 | -4/Cetus | Manufactured an Enhanced Grunt 18975 | -4/Cetus | Manufactured an Enhanced Grunt 19000 | -4/Cetus | Manufactured an Enhanced Grunt 19001 | -4/Cetus | Escorted A7 to Cetus Mainframe 19025 | -4/Cetus | Manufactured an Enhanced Grunt 19027 | -4/Cetus | Discovered new exit (range 16) 19050 | -4/Cetus | Manufactured an Enhanced Grunt 19059 | -4/Cetus | Cetus Manufacturing Module disabled 19065 | -4/Cetus | Spotted Cetus Guard 19067 | -4/Cetus | Spotted Cetus Guard 19068 | -4/Cetus | Spotted Cetus Guard 19073 | -4/Cetus | Allies destroyed Cetus Guard 19073 | -4/Cetus | Allies destroyed Cetus Guard 19075 | -4/Cetus | Allies destroyed Cetus Guard 19084 | -4/Cetus | Discovered new exit (range 16) 19096 | -4/Cetus | Met Revision 17 19274 | -4/Cetus | Entered Archives 19274 | -4/Archives | Accompanied by 15 allies (A7) 19279 | -4/Archives | Received a hacking code to weaken MAIN.C 19359 | -4/Archives | Build established: Botlord-Mutant 20241 | -4/Archives | Discovered new exit (range 16) 20776 | -4/Archives | Discovered new exit (range 15) 21018 | -4/Archives | Discovered new exit (range 13) 21054 | -4/Archives | Entered Hub_04(d) 21054 | -4/Hub_04(d) | Accompanied by 14 allies 21108 | -4/Hub_04(d) | Garrison activated, responded to threat 21300 | -4/Hub_04(d) | Discovered new exit (range 16) 21348 | -4/Hub_04(d) | Network Hub disabled 21348 | -4/Hub_04(d) | Spotted Lightning 21348 | -4/Hub_04(d) | Spotted Lightning 21348 | -4/Hub_04(d) | Spotted Lightning 21348 | -4/Hub_04(d) | Spotted Lightning 21348 | -4/Hub_04(d) | Spotted Lightning 21348 | -4/Hub_04(d) | Spotted Lightning 21352 | -4/Hub_04(d) | Spotted Lightning 21353 | -4/Hub_04(d) | Spotted Lightning 21354 | -4/Hub_04(d) | Spotted Lightning 21355 | -4/Hub_04(d) | Spotted Lightning 21365 | -4/Hub_04(d) | Spotted Lightning 21366 | -4/Hub_04(d) | Spotted Lightning 21460 | -4/Hub_04(d) | Allies destroyed Lightning 21460 | -4/Hub_04(d) | Allies destroyed Lightning 21462 | -4/Hub_04(d) | Allies destroyed Lightning 21470 | -4/Hub_04(d) | Destroyed Lightning 21475 | -4/Hub_04(d) | Allies destroyed Lightning 21477 | -4/Hub_04(d) | Allies destroyed Lightning 21495 | -4/Hub_04(d) | Allies destroyed Lightning 21508 | -4/Hub_04(d) | Allies destroyed Lightning 21525 | -4/Hub_04(d) | Allies destroyed Lightning 21533 | -4/Hub_04(d) | Destroyed Lightning 21549 | -4/Hub_04(d) | Destroyed Lightning 21565 | -4/Hub_04(d) | Destroyed Lightning 21581 | -4/Hub_04(d) | Found Prototype Device 21581 | -4/Hub_04(d) | Identified EM Dispersion Field 21584 | -4/Hub_04(d) | Found Prototype Processor 21584 | -4/Hub_04(d) | Identified Exp. Targeting Computer 21590 | -4/Hub_04(d) | Found Prototype Device 21590 | -4/Hub_04(d) | Identified Exp. Thermal Shield 21594 | -4/Hub_04(d) | Found Prototype Energy Cannon 21599 | -4/Hub_04(d) | Found Prototype Energy Cannon 21623 | -4/Hub_04(d) | Found Prototype Device 21623 | -4/Hub_04(d) | Identified Exp. Phase Shifter 21673 | -4/Hub_04(d) | Found Exp. Phase Shifter 21725 | -4/Hub_04(d) | P-70 Sage assimilated allied Assassin 7a 21846 | -4/Hub_04(d) | Found Prototype Energy Cannon 21849 | -4/Hub_04(d) | Found Exp. Phase Shifter 22054 | -4/Hub_04(d) | First assault squad dispatched 22188 | -4/Hub_04(d) | Network Hub disabled 22189 | -4/Hub_04(d) | System corruption reached 10% 22256 | -4/Hub_04(d) | Entered Research 22256 | -3/Research | Evolved 2 slots: Utility x2 22333 | -3/Research | Build established: Scavenger-Mutant 22401 | -3/Research | Spotted B-86 Titan 23028 | -3/Research | Destroyed 8 combat bots 23152 | -3/Research | Spotted B-86 Titan 23298 | -3/Research | Build established: Scavenger-Tank 23794 | -3/Research | First assault squad dispatched 23865 | -3/Research | Discovered new exit (range 10) 23928 | -3/Research | Identified exit to Garrison 23973 | -3/Research | Entered Garrison 23983 | -3/Garrison | Expanded RIF knowledge: Autoassimilate 24038 | -3/Garrison | Triggered checkpoint 24104 | -3/Garrison | Garrison Relay disabled 24176 | -3/Garrison | Spotted B-86 Titan 24195 | -3/Garrison | Allies destroyed B-86 Titan 24249 | -3/Garrison | Identified EMDS (x3) 24308 | -3/Garrison | Triggered checkpoint 24334 | -3/Garrison | Triggered checkpoint 24336 | -3/Garrison | Triggered checkpoint 24352 | -3/Garrison | Triggered checkpoint 24412 | -3/Garrison | Build established: Bothacker-Mutant 24466 | -3/Garrison | Discovered new exit (range 17) 24580 | -3/Garrison | Garrison Relay disabled 24717 | -3/Garrison | Found Antimissile System 24720 | -3/Garrison | Found Antimissile System 24917 | -3/Garrison | Build established: Botlord-Mutant 24955 | -3/Garrison | Spotted B-86 Titan 24970 | -3/Garrison | Destroyed B-86 Titan 24984 | -3/Garrison | Discovered new exit (range 14) 25010 | -3/Garrison | Triggered checkpoint 25022 | -3/Garrison | Garrison Relay disabled 25166 | -3/Garrison | Entered Research 25166 | -3/Research | Accompanied by 4 allies 25253 | -3/Research | Fabricated Hcp. Storage Unit (x1) 25307 | -3/Research | Fabricated Hcp. Storage Unit (x1) 25416 | -3/Research | First assault squad dispatched 25733 | -3/Research | Destroyed 8 combat bots 25733 | -3/Research | Lost 4 parts (1p3u) 25956 | -3/Research | Identified exit to Armory 25956 | -3/Research | Identified exit to Quarantine 26011 | -3/Research | Build established: Bothacker-Mutant 26250 | -3/Research | Entered Quarantine 26250 | -3/Quarantine | Accompanied by 2 allies 26278 | -3/Quarantine | Found Alien Artifact 26303 | -3/Quarantine | Found Alien Artifact 26303 | -3/Quarantine | Identified Phase Armor 26344 | -3/Quarantine | Found Alien Artifact 26344 | -3/Quarantine | Identified Matter Drive 26517 | -3/Quarantine | Garrison activated, responded to threat 26548 | -3/Quarantine | First assault squad dispatched 26924 | -3/Quarantine | High security lockdown imminent 26962 | -3/Quarantine | System corruption reached 10% 26968 | -3/Quarantine | Core integrity fell below 50% 26985 | -3/Quarantine | Self-destructed Last Messages --------------- 26959_ Slug penetrates Wall. 26961_ System corrupted: Enh. Nova Cannon targeting data glitched. 26964_ G-73 Enforcer destroyed. 26966_ H-77 Assassin destroyed. 26967_ System corrupted: Enh. Nova Cannon failed to cycle. 26970_ System corrupted: Energy discharge (-62). 26973_ Discarded Relay Coupler [NC]. 26974_ ALERT: Machine network offline. 26975_ Discarded Enh. Optical Array. 26976_ Acquired Med. Treads. 26977_ Dropped Imp. Energy Well. 26978_ Extracted 543 energy. 26979_ Extracted 57 energy. 26981_ B-74 Champion destroyed. 26983_ Rnf. Antimatter Reactor blown off. 26983_ Rnf. Antimatter Reactor crushed and broken. 26983_ Enh. Nova Cannon blown off. 26983_ Enh. Nova Cannon crushed and broken. 26983_ E-15 Imp destroyed. 26984_ Acquired Imp. Energy Well. Map ----- +----------------------------------------------------+ | ?????????????????????????????????????????????????? | | ?????????????????????????????????????????????????? | | ?????????????????????????????????????????????????? | | ?????????????????????????????????????????????????? | | ?????????????????????????????????????????????????? | | ?????????????????????????????????????????????????? | | ?????????????????????????????????????????????????? | | ????????# ???????????????????????????????????????? | | ????????# ???????????????????????????????????????? | | ????????? ??????????????????????????????????????? | | ????????? ??????????????????????????????????????? | | ?????????? ?????????????????#########???????????? | | ??????????? ?????????????????#"""T"""#???????????? | | ??????????? ###########???###""" """#######?????? | | ???????????? # """"""" #?### ] #?????? | | ?????????????/ """"""" #?# " #?????? | | ?????????????# """"""" ### """ """ """ #?????? | | ?????????????# " # !""" """ """ #?????? | | ?????????????# * ###" """ """ """ #?????? | | ?????????????# ""T"" ###"" #?????? | | ?????????????# =""" !#?### """ """ #?????? | | ?????????????# !%! #???#=""" """ " "" #?????? | | ?????????????####/######???#="""="""=""R"" #?????? | | ????????????????#%#?#####??#*%%%=!=%=!"""" #?????? | | #################[###pg=###########+############?? | | "%" ==*%[[[%=p%!p[%@p=%[!%!%*![# #?? | | [* " %!%*[=%[=m##%g*####%%%!%=[*[# """ """ ??? | | |%!% [!! [ %*######??##%%=#%%%=# """ """ ??? | | =%!*| #??????#!#*!%#=== + """ """ ??? | | ##+############ #??????#?#####% # """ """ ??? | | #????# #????????????# # """ """ ??? | | "#?# #????????????# #? ??? | | "" """ """#?# ????????? #?* = ] ! #?? | | "" """ G#?# ????? #??########?? | | "" """ """#?# ? #???????????? | | "#?# #???????????? | | "" """ ####?################### #???????????? | | "" """ #????????????????????? # #???????????? | | "" """ !#????????????????????? # !#???????????? | | #????????????????????" # % ???????????? | | ??? #????????????????????" # = ???????????? | | ??? #??????????????????? ?# ???????????? | | ####????##??????????????????? ?# ??????????? | | ????????????????????????????????###### ??????????? | | ?????????????????????????????????????? ??????????? | | ?????????????????????????????????????? ??????????? | | ?????????????????????????????????????????????????? | | ?????????????????????????????????????????????????? | | ?????????????????????????????????????????????????? | | ?????????????????????????????????????????????????? | +----------------------------------------------------+ Best States ------------- Heat Dissipation 72 Coolant Potential 100 Energy Generation 57 Energy Capacity 1175 Matter Stores 760 Matter Capacity 800 Sight Range 22 Terrain Scan Range 20 Terrain Scan Density 10 ECM Strength 3 Jamming Range 8 Power Amplification 30 Armor Coverage 2850 Resistance: TH 30 Resistance: EM 90 Point Defense Rating 240 Weapon Cycling 15 Phase Shifting 20 Evasion (%) 60 Targeting Accuracy 12 Target Analysis 5 Recoil Reduction 4 Particle Charging 25 Overload Amplification 75 Offensive Hacking 10 Relay Coupler Types 89 Relay Coupler Value 4 Item Schematics ----------------- Hcp. Storage Unit | -10/Materials | Hacked Imp. Light Armor Plating | -9/Materials | Scanalyzed Hvy. Treads | -5/Factory | Scanalyzed Hrd. Heavy Armor Plating | -5/Factory | Scanalyzed Adv. Shield Generator | -5/Factory | Scanalyzed Biometal Heavy Treads | -3/Research | Hacked Imp. Heavy Siege Treads | -3/Quarantine | Hacked Robot Schematics ------------------ M-13 Machinist | -9/Materials | Hacked Fabricated ------------ Hcp. Storage Unit | x1 | -7/Factory Hcp. Storage Unit | x1 | -7/Factory Fusion Bomb Launcher | x1 | -6/Factory | Preloaded Hvy. Treads | x2 | -5/Factory Hvy. Treads | x2 | -5/Factory Hvy. Treads | x2 | -4/Factory Hcp. Storage Unit | x1 | -3/Research Hcp. Storage Unit | x1 | -3/Research Alien Tech Used ----------------- Phase Armor Matter Drive Achievements -------------- No Explosion For You Challenges ------------ None Game ------ Seed AlloyLauncherReconstructor Manual? 0 Play Time 03:40:03 Cumulative 528.7 hours Start 2021.02.05 @ 14:50:08 End 2021.02.05 @ 22:22:26 Sessions 3 Manual Loads 0 Difficulty Rogue Special Mode None Game No. 336 Rogue 336 Adventurer 0 Explorer 0 Win Type - Total 6 Types 4/0/1/0/1/0/0/0/0 Lore% 88 Gallery% 88 Achievement% 70 Wizard Run 0 Options --------- ASCII 0 Keyboard 0 Movement Mouse Keybinds 1 Fullscreen 2 Font 24/Smallcaps Map View 68x50 Tactical HUD 1 Map Filters NONE Filters NONE Steam 1 RUN: f3505ca8-d79e-412c-a2ba-25b96ad74a89